 Dungeon Crawl Stone Soup version 0.20-a0-35-ga906eb6 (webtiles) character file.

125 MrRokkomies the Skirmisher (level 5, -2/57 HPs)
             Began as an Ogre Skald on Nov 10, 2016.
             Slain by a gnoll
             ... wielding a +0 halberd
              (7 damage)
             ... on level 3 of the Dungeon.
             The game lasted 00:05:06 (2477 turns).

MrRokkomies the Skirmisher (Ogre Skald)             Turns: 2477, Time: 00:05:07

Health: -2/57      AC:  4    Str: 17    XL:     5   Next: 9%
Magic:  15/17      EV: 10    Int: 16    God:
Gold:   76         SH:  0    Dex: 12    Spells: 3 memorised, 2 levels left

rFire  . . .     SeeInvis .     a - +1 mace
rCold  . . .     Gourm    .     b - +0 robe
rNeg   . . .     Faith    .     (no shield)
rPois  .         Spirit   .     (helmet restricted)
rElec  .         Reflect  .     (no cloak)
rCorr  .         Harm     .     (gloves unavailable)
MR     .....     Rnd*Tele +     (boots unavailable)
Stlth  ++........               (no amulet)
                                l - ring of magical power
                                k - ring of teleportation (curse)

@: brilliant
A: unfitting armour, thin skeletal structure 1, shaggy fur 1, tough skin 1, wild
magic 1
a: no special abilities


You were on level 3 of the Dungeon.
You were not hungry.

You visited 1 branch of the dungeon, and saw 3 of its levels.

You collected 76 gold pieces.

Inventory:

Hand Weapons
 a - a +1 mace (weapon)
Missiles
 e - 38 stones (quivered)
Armour
 b - a +0 robe (worn)
Jewellery
 k - a cursed ring of teleportation (left hand)
 l - a ring of magical power (right hand)
Scrolls
 g - a scroll of remove curse
Potions
 j - a potion of curing
Books
 c - a book of Battle

   Spells                             Type                      Level
   a - Infusion                       Charms                       1
   b - Shroud of Golubria             Charms/Translocation         2
   c - Song of Slaying                Charms                       2
   d - Spectral Weapon                Hexes/Charms                 3
   e - Regeneration                   Charms/Necromancy            3
Comestibles
 d - 2 bread rations
 f - a meat ration
 m - 2 chunks of flesh


   Skills:
 * Level 5.2 Fighting
 * Level 5.0 Maces & Flails
 - Level 1.3 Dodging
 - Level 2.4 Spellcasting
 - Level 2.1 Charms


You had 2 spell levels left.
You knew the following spells:

 Your Spells              Type           Power        Failure   Level  Hunger
a - Infusion              Chrm           ###.         1%          1    #......
b - Shroud of Golubria    Chrm/Tloc      ###.......   3%          2    ###....
c - Spectral Weapon       Hex/Chrm       ###.....     6%          3    ###....


Dungeon Overview and Level Annotations

Branches:
Dungeon (3/15)

Altars:
Cheibriados
Kikubaaqudgha


Innate Abilities, Weirdness & Mutations

You are too large for most types of armour.
You have tough skin. (AC +1)
You have a somewhat thin skeletal structure. (Dex +2, Stealth)
You are covered in fur. (AC +1)
Your spells are a little harder to cast, but a little more powerful.


Message History

The hound closely misses you. x2; The hound bites you.
The gnoll barely misses you.
You sock the gnoll!
The gnoll is heavily wounded.
The hound closely misses you. The hound bites you but does no damage.
The hound bites you. The gnoll closely misses you.
You hit the gnoll.
The gnoll is severely wounded.
The hound bites you.
* * * LOW HITPOINT WARNING * * *
The hound barely misses you. The hound bites you but does no damage.
The hound barely misses you. The gnoll closely misses you.
You barely miss the gnoll.
The gnoll is severely wounded.
The hound bites you.
* * * LOW HITPOINT WARNING * * *
The hound bites you but does no damage. The hound bites you.
* * * LOW HITPOINT WARNING * * *
The gnoll hits you with a halberd!
You die...

######.# #.._....# #.#
####......# #.......# #.#
......###.# ##.......## #.#
......###.# #..#####..# #.#
......#...# #..#,*,#..# #.#
####..#.#.# #..#+#+#P.##
##.#
#..#.#.###..#...+...###..#
#...........#gh.#P......##
##.#.##.##.##@h.#..####.#
##.#.##.....#####..# #.#
#..........##.##.### #.#
##.####.#####.##.* #.#
##########.#####.##.*****#.#
........##.......#*,,,,,,..#
.######.##########*******###
## #.# #.#


You could see 2 hounds and a gnoll.

Vanquished Creatures
  4 adders
  An ooze (D:2)
  A worm (D:3)
  3 dart slugs
  5 leopard geckos (D:1)
  5 orcs (D:3)
  5 bats
  6 giant cockroaches
  4 hobgoblins
  6 jackals
  2 ball pythons (D:2)
  3 frilled lizards
  6 goblins
  7 kobolds
  8 rats
66 creatures vanquished.

Notes
Turn   | Place    | Note
-------+----------+-------------------------------------------
     0 | D:1      | MrRokkomies the Ogre Skald began the quest for the Orb.
     0 | D:1      | Reached XP level 1. HP: 22/22 MP: 3/3
     9 | D:1      | Noticed an ogre
   116 | D:1      | Reached XP level 2. HP: 31/31 MP: 5/5
   611 | D:1      | Reached XP level 3. HP: 37/39 MP: 6/6
  1169 | D:2      | Learned a level 2 spell: Shroud of Golubria
  1173 | D:2      | Learned a level 3 spell: Spectral Weapon
  1334 | D:2      | Reached XP level 4. HP: 37/48 MP: 7/7
  2113 | D:3      | Found a snail-covered altar of Cheibriados.
  2340 | D:3      | Found an ancient bone altar of Kikubaaqudgha.
  2354 | D:3      | Reached skill level 5 in Fighting
  2372 | D:3      | Reached XP level 5. HP: 18/57 MP: 8/8
  2378 | D:3      | Reached skill level 5 in Maces & Flails
  2474 | D:3      | Gained mutation: Your spells are a little harder to cast, but a little more powerful. [potion of mutation]
  2474 | D:3      | Gained mutation: You have a somewhat thin skeletal structure. (Dex +2, Stealth) [potion of mutation]
  2474 | D:3      | Gained mutation: You are covered in fur. (AC +1) [potion of mutation]
  2477 | D:3      | Slain by a gnoll

Vault maps used:
D:1:      evilmike_arrival_come_back, serial_bayou_crossing
D:2:      serial_corexii_hall, corexii_hall_statues_l, corexii_hall_statues_l,
          serial_park_tiny_2
D:3:      kiku_gazebo_pond_becter, marbit_many_paths, overflow_temple_1_default,
          cheibrodos_gnoll_hut

Skill      XL: |  1  2  3  4  5 |
---------------+----------------+-----
Maces & Flails | 3 4 5 |  5.0
Fighting       | 3 4 5 |  5.2
Dodging        | |  1.3
Spellcasting   | |  2.4
Charms         | |  2.1

Action                   |  1- 3 |  4- 6 || total
-------------------------+-------+-------++-------
Melee: Mace              |   115 |    94 ||   209
 Cast: Infusion          |     1 |       ||     1
       Shroud of Golubri |       |     6 ||     6
  Use: Scroll            |     2 |     4 ||     6
       Potion            |       |     2 ||     2
 Stab: Distracted        |     1 |       ||     1
  Eat: Chunk             |     2 |     4 ||     6
Armor: Robe              |    44 |    33 ||    77
Dodge: Dodged            |    63 |    75 ||   138
